 Dungeon Crawl Stone Soup version 0.30.1-9-gdf580d7c3d (webtiles) character file.

Game seed: 5478718571578249273

6365 Peloso the Carver (level 10, -10/88 (90) HPs)
             Began as a Minotaur Fighter on Oct 12, 2023.
             Was an Elder of Okawaru.
             Mangled by a sixfirhy (11 damage)
             ... summoned by an orc sorcerer
             ... led by an orc knight
             ... on level 10 of the Dungeon.
             The game lasted 00:14:06 (9750 turns).

Peloso the Carver (Minotaur Fighter)                Turns: 9750, Time: 00:14:06

HP:   -10/88 (90)   AC: 20    Str: 21    XL:     10   Next: 65%
MP:   9/9           EV:  7    Int:  5    God:    Okawaru [****..]
Gold: 531           SH:  6    Dex: 14    Spells: 9/9 levels left

rFire   . . .        a - +1 falchion (heavy)
rCold   . . .        d - +0 buckler
rNeg    . . .        G - +0 plate armour
rPois   .            (helmet restricted)
rElec   .            (no cloak)
rCorr   .            (no gloves)
SInv    .            B - +0 pair of boots
Will    .....        (no amulet) Stlth
                     C - +4 ring of protection
HPRegen 0.34/turn    (no ring)
MPRegen 0.11/turn

%: no passive effects
@: lightly drained
A: horns 2, retaliatory headbutt
a: Renounce Religion, Heroism, Finesse


You were on level 10 of the Dungeon.
You worshipped Okawaru.
Okawaru was greatly pleased with you.
You visited 2 branches of the dungeon, and saw 11 of its levels.

You collected 599 gold pieces.
You spent 68 gold pieces at shops.

Inventory:

Hand Weapons
 a - a +1 heavy falchion (weapon)
Missiles
 D - 2 throwing nets (quivered)
Armour
 b - a +0 scale mail
 c - a +0 chain mail
 d - a +0 buckler (worn)
 B - a +0 pair of boots (worn)
 G - a +0 plate armour (worn)
Jewellery
 o - an amulet of magic regeneration
 C - a +4 ring of protection (left hand)
 I - a ring of fire
Wands
 x - a wand of flame (19)
 H - a wand of quicksilver (3)
Scrolls
 f - 11 scrolls of identify {unknown}
 g - 6 scrolls of teleportation {unknown}
 i - a scroll of vulnerability {unknown}
 p - 3 scrolls of magic mapping {unknown}
 s - 4 scrolls of fog {unknown}
 u - 2 scrolls of amnesia {unknown}
 y - a scroll of fear {unknown}
 z - a scroll of enchant weapon {unknown}
 E - a scroll of blinking {unknown}
 F - 3 scrolls of poison {unknown}
 L - a scroll of acquirement {unknown}
Potions
 e - 2 potions of haste
 h - 3 potions of might
 j - a potion of degeneration {unknown}
 k - a potion of berserk rage {unknown}
 l - a potion of lignification
 m - a potion of invisibility {unknown}
 n - 2 potions of cancellation {unknown}
 q - a potion of brilliance {unknown}
 r - 3 potions of flight {unknown}
 t - 2 potions of attraction {unknown}
 v - a potion of mutation {unknown}
 w - a potion of magic {unknown}
 A - 8 potions of curing
 K - a potion of resistance {unknown}


   Skills:
 + Level 8.4 Fighting
 + Level 12.5 Long Blades
 + Level 11.0 Armour
 + Level 2.4 Dodging
 + Level 1.1 Stealth
 + Level 7.4 Shields
 + Level 0.6 Invocations
 + Level 1.1 Evocations


You had 9 spell levels left.
You didn't know any spells.
Your spell library contained the following spells:

 Spells                   Type           Power      Damage    Failure   Level
 Beastly Appendage        Tmut           0%         N/A       100%        1
 Ensorcelled Hibernation  Hex/Ice        0%         N/A       100%        2
 Passwall                 Tmut/Erth      0%         N/A       100%        2
 Wereblood                Tmut           0%         N/A       100%        2
 Spider Form              Tmut/Pois      0%         N/A       100%        3
 Swiftness                Air            0%         N/A       100%        3
 Anguish                  Hex/Necr       0%         N/A       100%        4
 Passage of Golubria      Tloc           0%         N/A       100%        4
 Yara's Violent Unravell  Hex/Tmut       0%         3d3       100%        5
 Tukima's Dance           Hex            Unusable   N/A       N/A         3

Dungeon Overview and Level Annotations

Branches:
Dungeon (10/15)            Temple (1/1) D:5            Lair (0/5) D:8
    Orc (0/2) D:9

Altars:
Ashenzari
Cheibriados
Fedhas
Gozag
Hepliaklqana
Nemelex Xobeh
Okawaru
Ru
Trog
Uskayaw
Xom
Yredelemnul
Zin

Shops:
D:1 *

Annotations:
D:4 3 runed translucent doors, raetorn's ghost, novice DjFE
D:8 Gastronok


Innate Abilities, Weirdness & Mutations

You have a pair of horns on your head.
You reflexively headbutt those who attack you in melee.


Message History

The bolt of negative energy hits you!
You feel drained.
* * * LOW HITPOINT WARNING * * *
You slash the orc sorcerer!
The orc sorcerer is heavily wounded.
You block the orc sorcerer's attack.
You miss the orc sorcerer. You headbutt the orc sorcerer!
The orc sorcerer is severely wounded.
The orc sorcerer casts a spell.
You barely miss the orc sorcerer.
The orc sorcerer is severely wounded.
The sixfirhy hits you but does no damage.
You block the sixfirhy's attack.
The sixfirhy hits you but does no damage.
The orc sorcerer hits you but does no damage.
Unknown command.
You feel much better.
The sixfirhy hits you but does no damage.
The sixfirhy hits you. The sixfirhy shocks you!
The orc sorcerer points at you and mumbles some strange words.
The bolt of fire hits you!
The orc priest mumbles some strange prayers to Beogh against you.
Beogh smites you!
* * * LOW HITPOINT WARNING * * *
You hit the orc sorcerer.
The orc sorcerer is almost dead.
You block the orc sorcerer's attack.
Unknown command.
You hit the orc sorcerer.
The orc sorcerer is almost dead.
Unknown command.
You closely miss the orc sorcerer.
The orc sorcerer is almost dead.
You block the sixfirhy's attack. The sixfirhy hits you.
* * * LOW HITPOINT WARNING * * *
The sixfirhy shocks you!
* * * LOW HITPOINT WARNING * * *
The sixfirhy hits you.
* * * LOW HITPOINT WARNING * * *
The sixfirhy shocks you!
You die...

.................)..........
.....########'''###.........
###..# #.......##########
.....######.≈≈≈≈≈.#
..........#.≈...≈.#
#.........#.≈._.≈.#
#.........#.......# .#
..........#########4o.##
...............^@ooo....
##.............3######..
#...########...#
##...########...####
.....................
#####################


You could see a sixfirhy (summoned), a chaos spawn (summoned), an orc sorcerer,
an orc warrior (strong), an orc priest (strong) and an orc.

Vanquished Creatures
  A two-headed ogre (D:9)
  Pikel (D:6)
  An orc knight (D:10)
  2 trolls (D:10)
  A hornet (D:10)
  Prince Ribbit (D:8)
  5 yaks (D:10)
  2 acid dragons
  Duvessa (D:7)
  A water moccasin (D:6)
  7 orc warriors
  4 sky beasts
  A black bear (D:7)
  A centaur (D:8)
  A lemure (D:6)
  3 bullfrogs
  4 scorpions
  Dowan (D:7)
  4 wights (D:8)
  A howler monkey (D:10)
  3 hounds
  3 jellies
  3 gnoll boudas
  6 orc priests
  8 orc wizards
  11 gnolls
  5 adders
  A white imp (D:8)
  2 worms (D:2)
  A dart slug (D:3)
  40 orcs
  7 ball pythons
  8 bats
  6 endoplasms
  5 giant cockroaches (D:1)
  8 goblins
  8 hobgoblins
  4 jackals (D:2)
  4 kobolds
  2 quokkas
  A frilled lizard (D:1)
  A rat (D:1)
180 creatures vanquished.

Notes
Turn   | Place    | Note
-------+----------+-------------------------------------------
     0 | D:1      | Peloso the Minotaur Fighter began the quest for the Orb.
     0 | D:1      | Reached XP level 1. HP: 19/19 MP: 0/0
   218 | D:1      | Reached XP level 2. HP: 27/27 MP: 1/1
   377 | D:1      | Found Liok Dixt's Assorted Antiques.
   496 | D:1      | Found a faded altar of an unknown god.
   805 | D:1      | Reached skill level 3 in Long Blades
   946 | D:1      | Reached XP level 3. HP: 22/33 MP: 2/2
  1066 | D:1      | Bought a murky grey potion for 16 gold pieces
  1066 | D:1      | Bought a sedimented golden potion for 16 gold pieces
  1066 | D:1      | Bought a scroll labelled FOUREV PABEAT for 18 gold pieces
  1066 | D:1      | Bought a scroll labelled FOUREV PABEAT for 18 gold pieces
  1565 | D:2      | Reached XP level 4. HP: 40/40 MP: 3/3
  1712 | D:2      | Reached skill level 4 in Long Blades
  2132 | D:3      | Reached XP level 5. HP: 24/46 MP: 4/4
  2706 | D:4      | You fall into a shaft and drop 3 floors!
  2806 | D:6      | Reached skill level 5 in Long Blades
  2806 | D:6      | Reached skill level 1 in Dodging
  3022 | D:6      | Reached skill level 5 in Armour
  3148 | D:6      | Reached XP level 6. HP: 11/53 MP: 5/5
  3349 | D:6      | Noticed a water moccasin
  3358 | D:6      | Killed a water moccasin
  3554 | D:6      | Noticed Pikel
  3589 | D:6      | Killed Pikel
  3590 | D:6      | Reached skill level 5 in Fighting
  3590 | D:6      | Reached skill level 7 in Long Blades
  3590 | D:6      | Reached skill level 5 in Shields
  3590 | D:6      | Reached XP level 7. HP: 36/61 MP: 6/6
  3704 | D:5      | Entered Level 5 of the Dungeon
  3721 | D:5      | Reached XP level 8. HP: 56/69 MP: 7/7
  4083 | D:4      | Found a runed translucent gate.
  4083 | D:4      | Found a runed translucent gate.
  4083 | D:4      | Found a runed translucent gate.
  4085 | D:4      | Noticed raetorn's ghost (novice DjFE)
  4298 | D:4      | Reached skill level 8 in Long Blades
  4772 | D:5      | Found a staircase to the Ecumenical Temple.
  4791 | Temple   | Entered the Ecumenical Temple
  4818 | Temple   | Became a worshipper of Warmaster Okawaru
  5749 | D:7      | Noticed Duvessa
  5750 | D:7      | Noticed Dowan
  5763 | D:7      | Killed Duvessa
  5764 | D:7      | Reached skill level 9 in Long Blades
  5780 | D:7      | Killed Dowan
  6195 | D:7      | Reached * piety under Okawaru
  6196 | D:7      | Reached XP level 9. HP: 78/78 MP: 8/8
  6807 | D:8      | Noticed Gastronok
  6807 | D:8      | Noticed Prince Ribbit
  6868 | D:8      | Found a sacrificial altar of Ru.
  6868 | D:8      | Found a hazy altar of Hepliaklqana.
  6869 | D:8      | Found a sparkling altar of Nemelex Xobeh.
  6892 | D:8      | Reached skill level 10 in Long Blades
  6895 | D:8      | Found a basalt altar of Yredelemnul.
  6963 | D:8      | HP: 2/78 [acid dragon/splash of acid (26)]
  7253 | D:8      | Found a staircase to the Lair.
  7651 | D:8      | Killed Prince Ribbit
  7652 | D:8      | Reached skill level 11 in Long Blades
  7890 | D:9      | Reached ** piety under Okawaru
  7919 | D:9      | Noticed a two-headed ogre
  7937 | D:9      | Killed a two-headed ogre
  7938 | D:9      | Reached skill level 1 in Evocations
  7956 | D:9      | Found a staircase to the Orcish Mines.
  7978 | D:9      | Reached XP level 10. HP: 86/86 MP: 9/9
  8771 | D:10     | Entered Level 10 of the Dungeon
  8858 | D:10     | Reached *** piety under Okawaru
  9007 | D:10     | Found a blossoming altar of Fedhas.
  9074 | D:10     | Reached skill level 10 in Armour
  9077 | D:10     | Reached skill level 12 in Long Blades
  9117 | D:10     | Paralysed by a hornet for 3 turns
  9362 | D:10     | Found a broken altar of Ashenzari.
  9712 | D:10     | Noticed an orc knight
  9721 | D:10     | Noticed an orc sorcerer
  9728 | D:10     | Reached skill level 1 in Stealth
  9739 | D:10     | Killed an orc knight
  9739 | D:10     | Reached **** piety under Okawaru
  9746 | D:10     | Noticed a sixfirhy
  9750 | D:10     | HP: 1/88 [sixfirhy[an orc knight] (4)]
  9750 | D:10     | Mangled by a sixfirhy

Illustrated notes

Levels and vault maps discovered:
D:1:      dpeg_arrival_more_subterranean_lakeside_camping, layout_basic,
          hellmonk_ecumenical_altar_defaced_shrine, serial_shops,
          nicolae_shop_peninsula, minmay_tetromino_l2
D:2:      layout_loops_corners, corexii_leaking_fountain
D:3:      layout_rooms, serial_bayou_pond_a, minmay_misc_feat_nine_boxes,
          kennysheep_nondescript
D:4:      layout_rooms, gammafunk_ghost_necromancy, nicolae_figureground_pulse
D:5:      layout_cave_pools, minmay_temple_entry_large_hall
D:6:      layout_layer_cave, uniq_pikel
D:7:      layout_basic, uniq_duvessa
D:8:      old_forge, layout_rooms, kennysheep_mini,
          chequers_temple_overflow_statue_of_worship, lair_entry_dummy,
          nicolae_nh_ransacked_shop, uniq_gastronok, uniq_prince_ribbit1
D:9:      layout_basic, david_orc_2
D:10:     layout_long_grid, mainiacjoe_overflow_chevrons,
          mainiacjoe_overflow_alcove_4
Temple:   kb_temple_of_zot

Skill      XL: |  1  2  3  4  5  6  7  8  9 10 |
---------------+-------------------------------+-----
Armour         | 4 5 6 8 9 11 | 11.0
Shields        | 4 5 7 |  7.4
Long Blades    | 3 4 5 7 9 11 12 | 12.5
Fighting       | 4 5 6 7 8 |  8.4
Dodging        | 1 2 |  2.4
Evocations     | 1 |  1.1
Stealth        | 1 |  1.1
Invocations    | |  0.6

Action                     |  1- 3 |  4- 6 |  7- 9 | 10-12 || total
---------------------------+-------+-------+-------+-------++-------
  Melee: Long sword        |    86 |   130 |   335 |    33 ||   584
         Headbutt          |    17 |    29 |    68 |    26 ||   140
         Falchion          |       |       |       |    97 ||    97
 Invoke: Heroism           |       |       |     1 |     3 ||     4
  Evoke: Wand              |       |     2 |     5 |       ||     7
    Use: Potion            |       |       |     3 |     1 ||     4
 Armour: Scale mail        |     8 |       |       |       ||     8
         Chain mail        |    36 |    57 |   157 |       ||   250
         Plate armour      |       |       |    23 |    64 ||    87
         Skin              |       |       |     3 |       ||     3
  Dodge: Dodged            |    43 |    47 |   108 |    31 ||   229
  Block: Buckler           |    26 |    33 |    73 |    32 ||   164
